 Dungeon Crawl Stone Soup version 0.29.1-4-g47bece8355 (webtiles) character file.

Game seed: 1800562676062516669

42 Hercules1031 the Cudgeller (level 3, -1/28 HPs)
             Began as a Gnoll Wanderer on Dec 9, 2022.
             Was a Believer of Uskayaw.
             Killed from afar by Natasha (4 damage)
             ... with a magic dart
             ... on level 2 of the Dungeon.
             The game lasted 00:04:12 (1592 turns).

Hercules1031 the Cudgeller (Gnoll Wanderer)         Turns: 1592, Time: 00:04:12

Health: -1/28      AC:  7    Str: 14    XL:     3   Next: 56%
Magic:  4/4        EV:  9    Int: 10    God:    Uskayaw [**....]
Gold:   58         SH:  0    Dex: 11    Spells: 3/3 levels left

rFire   . . .      SeeInvis .   a - +2 mace
rCold   . . .      Faith    .   (no shield)
rNeg    . . .      Spirit   .   f - +0 scale mail
rPois   .          Reflect  .   (no helmet)
rElec   .          Harm     .   (no cloak)
rCorr   .          Rampage  .   (no gloves)
Will    .....                   c - +0 pair of boots
Stlth   ++........              (no amulet)
HPRegen 0.09/turn               i - ring of flight
MPRegen 0.09/turn               (no ring)

@: flying, slowed, very slow
A: fangs 1, strong nose, distributed training
a: Renounce Religion, Stomp, Line Pass


You were on level 2 of the Dungeon.
You worshipped Uskayaw.
Uskayaw was noncommittal.
You visited 1 branch of the dungeon, and saw 2 of its levels.

You collected 58 gold pieces.

Inventory:

Hand Weapons
 a - a +2 mace (weapon)
Armour
 c - a +0 pair of boots (worn)
 f - a +0 scale mail (worn)
Jewellery
 i - a ring of flight (left hand)
Scrolls
 b - 2 scrolls of identify
 h - a scroll of poison {unknown}
 j - a scroll of noise {unknown}
 k - 3 scrolls of blinking {unknown}
Potions
 d - a potion of brilliance
 e - 2 potions of heal wounds {unknown}
 g - a potion of flight {unknown}


   Skills:
 + Level 2.6 Fighting
 + Level 0.9 Short Blades
 + Level 0.9 Long Blades
 + Level 0.9 Axes
 + Level 6.5 Maces & Flails
 + Level 0.9 Polearms
 + Level 0.9 Staves
 + Level 0.9 Ranged Weapons
 + Level 4.5 Throwing
 + Level 2.6 Armour
 + Level 0.9 Dodging
 + Level 6.0 Stealth
 + Level 0.9 Shields
 + Level 0.9 Unarmed Combat
 + Level 0.9 Spellcasting
 + Level 0.6 Conjurations
 + Level 0.6 Hexes
 + Level 0.6 Summonings
 + Level 0.6 Necromancy
 + Level 0.6 Translocations
 + Level 0.6 Transmutations
 + Level 0.6 Fire Magic
 + Level 0.6 Ice Magic
 + Level 0.6 Air Magic
 + Level 0.6 Earth Magic
 + Level 0.6 Poison Magic
 + Level 1.0 Invocations
 + Level 0.9 Evocations


You had 3 spell levels left.
You didn't know any spells.
Your spell library was empty.

Dungeon Overview and Level Annotations

Branches:
Dungeon (2/15)

Altars:
Uskayaw

Annotations:
D:2 Natasha


Innate Abilities, Weirdness & Mutations

You have very sharp teeth.
Your uncanny sense of smell can sniff out nearby items.
Your experience applies equally to all skills.


Message History

Natasha hisses angrily.
Natasha drinks a potion.
Natasha's spells are empowered!
Natasha claws you.
You barely miss Natasha.
Natasha stares at you and mumbles some strange words.
You feel yourself slow down.
You closely miss Natasha.
Natasha howls an incantation.
Natasha's front paws start to glow.
Natasha barely misses you. Natasha casts a spell at you.
You feel as though you will be slow longer.
You hit Natasha. Your punch misses Natasha. Your bite misses Natasha.
Natasha is lightly wounded.
Natasha casts a spell at you.
You feel as though you will be slow longer.
You thump Natasha!
Natasha is heavily wounded.
Natasha claws you but does no damage. Natasha claws you.
You closely miss Natasha.
Natasha is heavily wounded.
Natasha claws you. Natasha claws you!
You hit Natasha. Your bite misses Natasha.
Natasha is almost dead.
Natasha claws you but does no damage.
You can now pass through a line of other dancers.
You hit Natasha but do no damage.
Natasha is almost dead.
Natasha claws you.
* * * LOW HITPOINT WARNING * * *
Natasha barely misses you.
You closely miss Natasha.
Natasha is almost dead.
Natasha claws you.
* * * LOW HITPOINT WARNING * * *
You miss Natasha. Your bite misses Natasha.
Natasha is almost dead.
Natasha casts a spell at you. The magic dart hits you.
You die...

#. #................
#.##............####
#.........##.##.# #
##+#>............####
#........#.#.........
#........#.##........
#........#.##.#......
#...h....#...........
#...@....#.##.#.###.#
#........#.##.... ..#
##########.##........
#.##.#.#.#.. ...


You could see Natasha (empowered).

Vanquished Creatures
  A dart slug (D:2)
  A bat (D:1)
  3 endoplasms (D:1)
  2 giant cockroaches (D:1)
  4 goblins
  5 hobgoblins (D:1)
  3 jackals (D:1)
  4 quokkas (D:1)
  4 ball pythons (D:1)
  A frilled lizard (D:1)
  4 kobolds (D:1)
  3 rats (D:1)
35 creatures vanquished.

Notes
Turn   | Place    | Note
-------+----------+-------------------------------------------
     0 | D:1      | Hercules1031 the Gnoll Wanderer began the quest for the
                  | Orb.
     0 | D:1      | Hercules1031 set off with the following items: a +2 mace, a
                  | scroll of vulnerability, a +0 pair of boots, a potion of
                  | brilliance, a +0 leather armour.
     0 | D:1      | Reached XP level 1. HP: 17/17 MP: 1/1
   126 | D:1      | Reached XP level 2. HP: 7/23 MP: 2/2
   851 | D:1      | Reached XP level 3. HP: 27/28 MP: 3/3
  1037 | D:1      | Reached skill level 1 in Invocations
  1492 | D:2      | Found a faded altar of an unknown god.
  1496 | D:2      | Prayed at the altar of an unknown god.
  1496 | D:2      | Became a worshipper of Uskayaw the Reveller
  1496 | D:2      | Reached * piety under Uskayaw
  1579 | D:2      | Noticed Natasha
  1589 | D:2      | Reached ** piety under Uskayaw
  1592 | D:2      | Killed from afar by Natasha

Illustrated notes

Levels and vault maps discovered:
D:1:      mrwooster_arrival_statue_2, layout_loops_corners, bh_walls_and_bars
D:2:      layout_basic, basic_altar, serial_shops, shop,
          nicolae_ecumenical_pavilion, grunt_ministairs_8, feat_on_display,
          uniq_natasha

Skill      XL: |  1  2  3 |
---------------+----------+-----
Stealth        | 6 |  6.0
Invocations    | 1 |  1.0
Fighting       | |  2.6
Short Blades   | |  0.9
Long Blades    | |  0.9
Axes           | |  0.9
Maces & Flails | |  6.5
Polearms       | |  0.9
Staves         | |  0.9
Ranged Weapons | |  0.9
Throwing       | |  4.5
Armour         | |  2.6
Dodging        | |  0.9
Shields        | |  0.9
Unarmed Combat | |  0.9
Spellcasting   | |  0.9
Conjurations   | |  0.6
Hexes          | |  0.6
Summonings     | |  0.6
Necromancy     | |  0.6
Translocations | |  0.6
Transmutations | |  0.6
Fire Magic     | |  0.6
Ice Magic      | |  0.6
Air Magic      | |  0.6
Earth Magic    | |  0.6
Poison Magic   | |  0.6
Evocations     | |  0.9

Action                   || total
-------------------------++-------
Melee: Mace              ||   106
       Bite              ||    10
       Punch             ||     1
  Use: Scroll            ||     1
 Stab: Sleeping          ||     5
Armor: Leather armour    ||    20
       Scale mail        ||    41
Dodge: Dodged            ||    71
